[ AOE2 MATCH · #506342526 ]
UnrankedJapanese vs Japanese
Player's team · WIN
Rival team · LOSS
[ REPLAY ANALYSIS · EXTRACTED FROM THE RECORDED GAME ]
Feudal
8:30
Castle
23:46
Imperial
38:16
| APM avg | 54.0 |
| APM peak | 102 |
| eAPM avg | 26.9 |
| Villagers / military | 187 / 102 |
Focus
⚔️ 34.8% · 🌾 65.2%
Cavalry Archer ×28 · Scout Cavalry ×22 · Mangonel ×16 · Trebuchet (Packed) ×9 · Militia ×8 · Samurai ×8
Feudal
9:47
Castle
18:32
Imperial
38:59
| APM avg | 46.7 |
| APM peak | 85 |
| eAPM avg | 29.0 |
| Villagers / military | 204 / 259 |
Focus
⚔️ 50.9% · 🌾 49.1%
Skirmisher ×155 · Cavalry Archer ×47 · Archer ×14 · Samurai ×14 · Mangonel ×12 · Trebuchet (Packed) ×11
Match map
Initial resources + every placement click. Lines = walls · curves = elevation contours. ◆ gold · ⬟ stone · ● berries · ✦ relic · ◌ wall gap
Your base· Open — unwalled flank
VENÓN | BetoxAOE's base· Open — unwalled flank
Smoothed initial terrain · ◌ = detected wall gap · hover for details
Inputs per minute
— 新竹 - - VENÓN | BetoxAOE
Build order — 新竹
First 150 of 550 actions detected
| 0:01 | Create | Villager (Male) |
| 0:01 | Create | Villager (Male) |
| 0:01 | Create | Villager (Male) |
| 0:01 | Create | Villager (Male) |
| 0:04 | Build | House |
| 0:05 | Build | House |
| 1:24 | Create | Villager (Male) |
| 1:24 | Create | Villager (Male) |
| 1:24 | Create | Villager (Male) |
| 1:38 | Create | Villager (Male) |
| 1:38 | Create | Villager (Male) |
| 1:38 | Create | Villager (Male) |
| 2:07 | Build | Lumber Camp |
| 2:15 | Create | Villager (Male) |
| 2:15 | Create | Villager (Male) |
| 2:19 | Create | Villager (Male) |
| 2:20 | Create | Villager (Male) |
| 2:20 | Create | Villager (Male) |
| 2:26 | Build | House |
| 3:09 | Create | Villager (Male) |
| 3:09 | Create | Villager (Male) |
| 3:09 | Create | Villager (Male) |
| 3:24 | Create | Villager (Male) |
| 3:26 | Create | Villager (Male) |
| 3:27 | Create | Villager (Male) |
| 3:39 | Create | Villager (Male) |
| 3:39 | Create | Villager (Male) |
| 4:04 | Create | Villager (Male) |
| 4:05 | Create | Villager (Male) |
| 4:11 | Build | House |
| 4:18 | Create | Villager (Male) |
| 4:18 | Create | Villager (Male) |
| 4:30 | Build | Mill |
| 4:37 | Research | Loom |
| 4:37 | Research | Loom |
| 4:45 | Create | Villager (Male) |
| 4:45 | Create | Villager (Male) |
| 5:32 | Build | House |
| 5:55 | Build | Barracks |
| 6:20 | Research | Feudal Age |
| 6:47 | Create | Militia |
| 6:47 | Create | Militia |
| 6:53 | Build | Mining Camp |
| 6:57 | Create | Militia |
| 6:57 | Create | Militia |
| 6:58 | Create | Militia |
| 7:48 | Create | Militia |
| 8:16 | Create | Militia |
| 8:16 | Create | Militia |
| 8:30 | Age | Feudal Age |
| 8:35 | Create | Villager (Male) |
| 8:37 | Create | Villager (Male) |
| 8:58 | Create | Villager (Male) |
| 9:04 | Build | Palisade Wall |
| 9:06 | Build | Palisade Wall |
| 9:28 | Create | Villager (Male) |
| 9:28 | Create | Villager (Male) |
| 9:30 | Build | Mining Camp |
| 9:43 | Research | Man-at-Arms (upgrade) |
| 9:43 | Research | Man-at-Arms (upgrade) |
| 9:44 | Research | Man-at-Arms (upgrade) |
| 9:45 | Create | Villager (Male) |
| 9:46 | Create | Villager (Male) |
| 9:46 | Create | Villager (Male) |
| 9:46 | Create | Villager (Male) |
| 10:03 | Create | Villager (Male) |
| 10:04 | Create | Villager (Male) |
| 10:33 | Build | Farm |
| 10:43 | Create | Villager (Male) |
| 10:43 | Create | Villager (Male) |
| 10:54 | Create | Villager (Male) |
| 10:54 | Create | Villager (Male) |
| 10:54 | Create | Villager (Male) |
| 10:56 | Build | Farm |
| 11:25 | Build | Watch Tower |
| 11:42 | Build | Watch Tower |
| 11:47 | Create | Villager (Male) |
| 11:47 | Create | Villager (Male) |
| 11:47 | Create | Villager (Male) |
| 11:48 | Create | Villager (Male) |
| 11:48 | Create | Villager (Male) |
| 11:49 | Create | Villager (Male) |
| 12:09 | Create | Villager (Male) |
| 12:09 | Create | Villager (Male) |
| 12:09 | Create | Villager (Male) |
| 12:14 | Build | Blacksmith |
| 12:42 | Build | Watch Tower |
| 12:45 | Create | Villager (Male) |
| 12:50 | Create | Villager (Male) |
| 12:50 | Create | Villager (Male) |
| 12:58 | Research | Double-Bit Axe |
| 12:59 | Research | Double-Bit Axe |
| 13:00 | Create | Villager (Male) |
| 13:00 | Create | Villager (Male) |
| 13:00 | Create | Villager (Male) |
| 13:14 | Research | Fletching |
| 13:14 | Research | Fletching |
| 13:44 | Build | Farm |
| 13:57 | Build | Palisade Wall |
| 14:00 | Build | Palisade Wall |
| 14:01 | Create | Villager (Male) |
| 14:02 | Create | Villager (Male) |
| 14:02 | Create | Villager (Male) |
| 14:03 | Build | Farm |
| 14:05 | Build | Farm |
| 14:07 | Build | Farm |
| 14:08 | Build | Farm |
| 14:27 | Build | Watch Tower |
| 14:30 | Build | Farm |
| 14:31 | Build | Farm |
| 14:44 | Build | Palisade Wall |
| 14:54 | Create | Villager (Male) |
| 14:54 | Create | Villager (Male) |
| 14:54 | Create | Villager (Male) |
| 14:56 | Build | Farm |
| 15:02 | Build | Watch Tower |
| 15:02 | Create | Villager (Male) |
| 15:03 | Create | Villager (Male) |
| 15:03 | Create | Villager (Male) |
| 15:25 | Build | House |
| 15:28 | Create | Villager (Male) |
| 15:28 | Create | Villager (Male) |
| 15:28 | Create | Villager (Male) |
| 15:39 | Build | House |
| 15:43 | Build | Watch Tower |
| 15:50 | Create | Villager (Male) |
| 15:50 | Create | Villager (Male) |
| 16:10 | Research | Horse Collar |
| 16:10 | Research | Horse Collar |
| 16:12 | Create | Villager (Male) |
| 16:12 | Create | Villager (Male) |
| 16:33 | Build | Watch Tower |
| 16:34 | Create | Villager (Male) |
| 16:35 | Create | Villager (Male) |
| 16:35 | Create | Villager (Male) |
| 17:03 | Build | Farm |
| 17:11 | Build | Farm |
| 17:25 | Build | Farm |
| 17:31 | Build | Palisade Wall |
| 17:32 | Build | Palisade Wall |
| 17:33 | Build | Palisade Wall |
| 17:48 | Create | Villager (Male) |
| 17:48 | Create | Villager (Male) |
| 17:48 | Create | Villager (Male) |
| 18:07 | Create | Villager (Male) |
| 18:07 | Create | Villager (Male) |
| 18:07 | Create | Villager (Male) |
| 18:08 | Create | Villager (Male) |
| 18:30 | Create | Villager (Male) |
| 18:30 | Create | Villager (Male) |
Build order — VENÓN | BetoxAOE
First 150 of 522 actions detected
| 0:01 | Create | Villager (Male) |
| 0:01 | Create | Villager (Male) |
| 0:02 | Create | Villager (Male) |
| 0:03 | Build | House |
| 0:04 | Build | House |
| 0:06 | Build | House |
| 0:38 | Create | Villager (Male) |
| 1:06 | Create | Villager (Male) |
| 1:36 | Create | Villager (Male) |
| 1:36 | Create | Villager (Male) |
| 2:16 | Build | Lumber Camp |
| 2:24 | Create | Villager (Male) |
| 2:24 | Create | Villager (Male) |
| 2:24 | Create | Villager (Male) |
| 2:29 | Build | Mill |
| 3:00 | Create | Villager (Male) |
| 3:47 | Create | Villager (Male) |
| 3:47 | Create | Villager (Male) ×2 |
| 4:12 | Create | Villager (Male) ×2 |
| 4:59 | Build | Mill |
| 5:29 | Create | Villager (Male) |
| 5:29 | Create | Villager (Male) |
| 5:32 | Build | Farm |
| 5:46 | Build | Farm |
| 5:58 | Build | Farm |
| 6:12 | Build | Farm |
| 6:14 | Create | Villager (Male) |
| 6:15 | Create | Villager (Male) |
| 6:20 | Build | House |
| 7:08 | Build | Palisade Wall |
| 7:12 | Research | Loom |
| 7:13 | Research | Feudal Age |
| 7:47 | Build | Mining Camp |
| 7:53 | Build | House |
| 8:37 | Build | Barracks |
| 8:59 | Create | Villager (Male) |
| 8:59 | Create | Villager (Male) |
| 9:47 | Age | Feudal Age |
| 9:50 | Build | Archery Range |
| 10:31 | Create | Archer |
| 10:31 | Create | Archer |
| 10:43 | Create | Villager (Male) |
| 10:44 | Create | Villager (Male) |
| 10:55 | Build | Blacksmith |
| 11:08 | Research | Town Watch |
| 11:08 | Research | Town Watch |
| 11:23 | Build | Watch Tower |
| 11:28 | Create | Spearman |
| 11:30 | Research | Fletching |
| 11:31 | Create | Villager (Male) |
| 11:53 | Create | Villager (Male) |
| 11:53 | Create | Villager (Male) |
| 12:16 | Build | Mining Camp |
| 12:22 | Research | Forging |
| 12:22 | Research | Forging |
| 12:26 | Create | Archer |
| 12:26 | Create | Archer |
| 12:26 | Create | Archer |
| 12:42 | Build | Palisade Wall |
| 12:44 | Build | House |
| 12:49 | Build | House |
| 12:52 | Build | Palisade Wall |
| 12:54 | Create | Villager (Male) |
| 13:04 | Create | Villager (Male) |
| 13:12 | Build | Palisade Wall |
| 13:37 | Create | Villager (Male) |
| 13:48 | Build | House |
| 13:58 | Build | Farm |
| 13:58 | Build | Farm |
| 13:59 | Build | Farm |
| 13:59 | Build | Farm |
| 13:59 | Build | Farm |
| 13:59 | Build | Farm |
| 14:00 | Build | Farm |
| 14:13 | Create | Villager (Male) |
| 14:21 | Create | Villager (Male) |
| 14:47 | Build | Farm |
| 14:49 | Build | Farm |
| 15:08 | Create | Archer |
| 15:09 | Create | Archer |
| 15:16 | Create | Villager (Male) |
| 15:22 | Build | Lumber Camp |
| 15:35 | Build | House |
| 15:52 | Research | Castle Age |
| 15:56 | Build | Farm |
| 16:23 | Build | Archery Range |
| 17:05 | Build | Archery Range |
| 17:22 | Research | Double-Bit Axe |
| 17:45 | Create | Archer |
| 17:50 | Research | Gold Mining |
| 17:50 | Research | Gold Mining |
| 18:00 | Build | Farm |
| 18:04 | Create | Archer |
| 18:23 | Create | Archer |
| 18:23 | Create | Archer |
| 18:24 | Create | Archer |
| 18:24 | Create | Archer |
| 18:24 | Create | Archer |
| 18:32 | Age | Castle Age |
| 18:36 | Create | Villager (Male) |
| 18:37 | Create | Villager (Male) |
| 18:37 | Create | Villager (Male) |
| 19:06 | Build | Blacksmith |
| 19:10 | Research | Crossbowman (upgrade) |
| 19:10 | Research | Crossbowman (upgrade) |
| 19:23 | Create | Villager (Male) |
| 19:23 | Create | Villager (Male) |
| 19:49 | Create | Villager (Male) |
| 19:50 | Create | Villager (Male) |
| 19:52 | Create | Cavalry Archer |
| 19:52 | Create | Cavalry Archer |
| 20:06 | Build | Siege Workshop |
| 20:17 | Create | Villager (Male) |
| 20:18 | Create | Villager (Male) |
| 20:18 | Create | Villager (Male) |
| 20:28 | Build | Farm |
| 20:37 | Create | Cavalry Archer |
| 20:41 | Create | Villager (Male) ×4 |
| 20:52 | Create | Mangonel |
| 20:54 | Build | Outpost |
| 21:09 | Create | Cavalry Archer ×2 |
| 21:09 | Create | Cavalry Archer ×2 |
| 21:12 | Build | House |
| 21:32 | Build | House |
| 21:32 | Build | House |
| 21:33 | Build | House |
| 21:33 | Build | House |
| 22:13 | Create | Mangonel |
| 22:20 | Build | House |
| 22:21 | Build | House |
| 22:21 | Build | House |
| 22:22 | Create | Villager (Male) ×5 |
| 22:41 | Research | Wheelbarrow |
| 22:42 | Research | Wheelbarrow |
| 22:45 | Create | Villager (Male) |
| 22:45 | Create | Villager (Male) |
| 22:52 | Create | Cavalry Archer |
| 22:53 | Create | Cavalry Archer |
| 22:53 | Create | Cavalry Archer |
| 23:13 | Create | Mangonel |
| 23:13 | Create | Mangonel |
| 23:25 | Create | Cavalry Archer ×2 |
| 23:34 | Create | Villager (Male) ×2 |
| 23:41 | Build | Outpost |
| 24:08 | Create | Villager (Male) |
| 24:15 | Create | Cavalry Archer ×4 |
| 24:32 | Build | Outpost |
| 24:55 | Build | Outpost |
| 25:03 | Create | Cavalry Archer |
| 25:04 | Create | Cavalry Archer |
Match timeline
| 5:55 | 新竹 · first_building Barracks |
| 7:08 | VENÓN | BetoxAOE · wall_segment Palisade Wall x3 |
| 8:30 | 新竹 · age_up feudal |
| 8:37 | VENÓN | BetoxAOE · first_building Barracks |
| 9:04 | 新竹 · wall_segment Palisade Wall x1 |
| 9:06 | 新竹 · wall_segment Palisade Wall x1 |
| 9:47 | VENÓN | BetoxAOE · age_up feudal |
| 9:50 | VENÓN | BetoxAOE · first_building Archery Range |
| 12:42 | VENÓN | BetoxAOE · wall_segment Palisade Wall x10 |
| 12:52 | VENÓN | BetoxAOE · wall_segment Palisade Wall x1 |
| 13:12 | VENÓN | BetoxAOE · wall_segment Palisade Wall x1 |
| 13:57 | 新竹 · wall_segment Palisade Wall x1 |
| 14:00 | 新竹 · wall_segment Palisade Wall x1 |
| 14:44 | 新竹 · wall_segment Palisade Wall x1 |
| 15:48 | VENÓN | BetoxAOE · first_market_buy 100 food |
| 15:51 | VENÓN | BetoxAOE · first_market_sell 100 stone |
| 17:31 | 新竹 · wall_segment Palisade Wall x2 |
| 17:32 | 新竹 · wall_segment Palisade Wall x2 |
| 17:33 | 新竹 · wall_segment Palisade Wall x1 |
| 18:32 | VENÓN | BetoxAOE · age_up castle |
| 18:53 | 新竹 · first_market_buy 100 food |
| 20:06 | VENÓN | BetoxAOE · first_building Siege Workshop |
| 20:31 | 新竹 · first_market_sell 100 wood |
| 23:46 | 新竹 · age_up castle |
| 23:58 | 新竹 · first_building Siege Workshop |
| 28:08 | VENÓN | BetoxAOE · first_building Castle |
| 33:59 | 新竹 · first_building Castle |
| 38:16 | 新竹 · age_up imperial |
| 38:59 | VENÓN | BetoxAOE · age_up imperial |
| 39:50 | 新竹 · first_building Archery Range |
| 47:53 | 新竹 · first_building Stable |
| 50:19 | VENÓN | BetoxAOE · first_building Stable |
| 53:41 | VENÓN | BetoxAOE · resign |
[ AI ANALYSIS · 1 CREDIT ]
What really happened in this match?
Wolo.gg analyzes every decision: build order, eco, micro, common mistakes by bracket. Personalized analysis on WhatsApp or Discord in 30 seconds.
Civ guide
Japanese
Perfil
新竹